 Dungeon Crawl Stone Soup version 0.25.1-2-g60ff931df9 (webtiles) character file.

Game seed: 10807769392323438143

268 Acheron the Chiller (level 6, -2/34 HPs)
             Began as a Tengu Ice Elementalist on Sept 2, 2020.
             Was an Initiate of Okawaru.
             Slain by Pikel
             ... wielding a +0 whip of electrocution
              (7 damage)
             ... on level 5 of the Dungeon.
             The game lasted 00:28:41 (3935 turns).

Acheron the Chiller (Tengu Ice Elementalist)        Turns: 3935, Time: 00:28:42

Health: -2/34      AC:  4    Str:  8    XL:     6   Next: 21%
Magic:  5/12       EV: 15    Int: 16    God:    Okawaru [......]
Gold:   239        SH:  0    Dex: 16    Spells: 7/11 levels left

rFire    . . .     SeeInvis .   i - -2 short sword (curse)
rCold    . . .     Gourm    .   (no shield)
rNeg     . . .     Faith    .   f - +0 leather armour
rPois    .         Spirit   .   (helmet restricted)
rElec    .         Reflect  .   v - +0 cloak
rCorr    .         Harm     .   (no gloves)
MR       .....                  (boots unavailable)
Stlth    ++........             (no amulet)
HPRegen  0.11/turn              (no ring)
MPRegen  0.13/turn              (no ring)

@: frozen ramparts, flying quickly and evasively, quick
A: beak, talons 3, able to fly
a: Stop Flying, Renounce Religion


You were on level 5 of the Dungeon.
You worshipped Okawaru.
Okawaru was noncommittal.
You were not hungry.

You visited 1 branch of the dungeon, and saw 5 of its levels.

You collected 239 gold pieces.

Inventory:

Hand Weapons
 i - a cursed -2 short sword (weapon)
 l - a +0 hand axe
 m - a +0 trident
 p - a +0 spear
 r - a +0 falchion
Missiles
 e - 109 stones
 j - 11 poisoned darts (quivered)
 q - a throwing net
Armour
 f - a +0 leather armour (worn)
 v - a +0 cloak (worn)
Jewellery
 o - an uncursed amulet of reflection {unknown}
Wands
 a - a wand of polymorph (5)
 n - a wand of acid (10)
Scrolls
 w - a scroll of enchant weapon {unknown}
 x - a scroll of amnesia {unknown}
Potions
 b - 2 potions of heal wounds
 d - a potion of might {unknown}
 g - a potion of magic
 h - 2 potions of stabbing
 k - 3 potions of curing
 s - a potion of haste {unknown}
 u - a potion of lignification {unknown}
Comestibles
 c - 3 rations
 t - 5 chunks of flesh


   Skills:
 * Level 1.5 Fighting
 * Level 1.0 Short Blades
 * Level 1.6 Throwing
 * Level 1.9 Armour
 * Level 2.8 Dodging
 * Level 2.7 Stealth
 * Level 3.4 Spellcasting
 + Level 4.2 Ice Magic


You had 7 spell levels left.
You knew the following spells:

 Your Spells              Type           Power        Failure   Level  Hunger
a - Freeze                Ice            ###.         4%          1    None
b - Frozen Ramparts       Ice            ###...       13%         3    ###....

Your spell library contained the following spells:

 Spells                   Type           Power        Failure   Level  Hunger
 Ozocubu's Armour         Chrm/Ice       #.......     30%         3    ###....
 Hailstorm                Conj/Ice       #.......     71%         4    ####...
 Summon Ice Beast         Ice/Summ       #.......     71%         4    ####...


Dungeon Overview and Level Annotations

Branches:
Dungeon (5/15)
 Temple: D:4-7

Altars:
Cheibriados
Makhleb
Okawaru
Qazlal
The Shining One

Annotations:
D:1 exclusion: downstairs
D:4 Duvessa
D:5 Pikel


Innate Abilities, Weirdness & Mutations

You have a beak for a mouth.
You have claws for feet.
You can fly continuously.


Message History

Pikel is heavily wounded.
The wall freezes the slave.
The wall freezes Pikel.
Pikel closely misses you.
The wall freezes the slave.
You barely miss Pikel. Your kick misses Pikel. Your peck misses Pikel.
Pikel is heavily wounded.
The wall freezes Pikel.
Pikel closely misses you.
The wall freezes the slave. x4
The frozen ramparts melt away.
You closely miss Pikel.
Pikel is heavily wounded.
Pikel hits you with a +0 whip of electrocution.
You are electrocuted!
* * * LOW HITPOINT WARNING * * *
Casting: Frozen Ramparts (quite dangerous; 13% risk of failure)
Confirm with . or Enter, or press ? or * to list all spells.
The spell is quite dangerous to cast (13% risk of failure)!
Continue anyway?
The walls around you are covered in ice.
The wall freezes Pikel.
Pikel smiles. "I know this place well.
And it is filled with the corpses of daring fools like you!
Won't you join me?"
Pikel hits you with a +0 whip of electrocution!
You die...

. #..#..## # ##..###..##
...## ##..## #..##.
.##..######## . #
..##..#..##........#
..#. ##..#.#..##.....#.#
#...###..#._.#.
###...#.#
#...##..#.#..##...###.##
#...#K@.#..##..##......
#pp##...##..###.##.##
###...##.##..## #.##.##
##..p#..###..### #.##.##
#######........#.....#
#.##.##
%..........##รท.#.....#
#.##.##
p."........##........#
#......
.....................#
##.#.##
...####....###.......# .


You could see Pikel and 2 slaves.

Vanquished Creatures
  An orc priest (D:3)
  Jessica (D:2)
  An iguana (D:5)
  A worker ant (D:4)
  3 gnolls (D:3)
  6 adders
  An ooze (D:3)
  3 worms
  7 leopard geckos
  5 orcs (D:3)
  3 bats (D:3)
  2 giant cockroaches
  4 goblins
  7 hobgoblins
  6 jackals
  A ball python (D:1)
  A frilled lizard (D:5)
  5 kobolds
  2 rats
60 creatures vanquished.

Notes
Turn   | Place    | Note
-------+----------+-------------------------------------------
     0 | D:1      | Acheron the Tengu Ice Elementalist began the quest for the
                  | Orb.
     0 | D:1      | Reached XP level 1. HP: 10/10 MP: 4/4
   329 | D:1      | Reached XP level 2. HP: 14/15 MP: 1/6
  1096 | D:2      | Noticed Jessica
  1118 | D:2      | Killed Jessica
  1118 | D:2      | Reached skill level 1 in Armour
  1118 | D:2      | Reached skill level 4 in Ice Magic
  1118 | D:2      | Reached XP level 3. HP: 12/20 MP: 3/7
  1253 | D:2      | Learned a level 3 spell: Frozen Ramparts
  1778 | D:2      | Reached XP level 4. HP: 20/24 MP: 6/8
  2003 | D:2      | Reached skill level 1 in Throwing
  2151 | D:3      | Found a snail-covered altar of Cheibriados.
  2294 | D:3      | Reached skill level 1 in Fighting
  2302 | D:3      | Gained mutation: You can fly continuously. [Tengu growth]
  2302 | D:3      | Reached XP level 5. HP: 15/29 MP: 3/10
  3518 | D:4      | Found an iron altar of Okawaru.
  3542 | D:4      | Became a worshipper of Warmaster Okawaru
  3547 | D:4      | Noticed Duvessa
  3709 | D:4      | Reached skill level 1 in Short Blades
  3709 | D:4      | Reached XP level 6. HP: 31/34 MP: 4/12
  3791 | D:5      | Entered Level 5 of the Dungeon
  3800 | D:5      | Found a stormy altar of Qazlal.
  3843 | D:5      | Found a burning altar of Makhleb.
  3843 | D:5      | Noticed a blizzard demon
  3863 | D:5      | Found a glowing golden altar of the Shining One.
  3876 | D:5      | Noticed an ice beast
  3919 | D:5      | Noticed Pikel
  3919 | D:5      | Noticed a slave
  3919 | D:5      | Noticed a slave
  3920 | D:5      | Noticed a slave
  3920 | D:5      | Noticed a slave
  3935 | D:5      | Slain by Pikel

Illustrated notes

Levels and vault maps discovered:
D:1:      dpeg_arrival_round_b, layout_basic, minmay_misc_feat_square,
          minivault_24, minmay_tromino_v7
D:2:      layout_rooms, uniq_jessica
D:3:      layout_loops_ring, cheibriados_altar_1, first_ration
D:4:      layout_cave_pools, okawaru_metal_pillars_1_2, kennysheep_small_spiral,
          minmay_mini_ossuary, uniq_duvessa
D:5:      cheibrodos_barr_body, layout_loops_cross, lemuel_doored_altar,
          makhleb_altar_promises_db, grunt_qazlal_clouds,
          gup_sewer_entry_bubbles, tso_metal_star, uniq_menkaure, uniq_pikel

Skill      XL: |  1  2  3  4  5 |
---------------+----------------+-----
Armour         | 1 |  1.9
Ice Magic      | 4 |  4.2
Throwing       | 1 |  1.6
Fighting       | 1 |  1.5
Spellcasting   | 3 |  3.4
Short Blades   | 1 |  1.0
Dodging        | |  2.8
Stealth        | |  2.7

Action                   |  1- 3 |  4- 6 || total
-------------------------+-------+-------++-------
Melee: Short sword       |       |    41 ||    41
       Kick              |       |     7 ||     7
       Peck              |       |     4 ||     4
Throw: Stone             |     2 |       ||     2
       Dart              |       |     5 ||     5
 Cast: Freeze            |    32 |    24 ||    56
       Frozen Ramparts   |       |    15 ||    15
 Abil: Fly               |       |     1 ||     1
  Use: Scroll            |     6 |     3 ||     9
       Potion            |     1 |     1 ||     2
  Eat: Chunk             |     3 |     5 ||     8
       Ration            |       |     1 ||     1
Armor: Leather armour    |     6 |     8 ||    14
Dodge: Dodged            |    23 |    49 ||    72
